AoeStats
← VeerKnight

Arena

510112324Analyzed
1v1 RM · 3d ago on Sep 29, 2026· 67m 52s· 2 players
Game mode
Random Map
Map size
Tiny (2 player)
Population
200
Speed
Normal
Resources
Standard
Victory
Conquest
Starting age
Dark Age
Ending age
Imperial Age
RankedLock teamsTeams togetherTeam positionsShared explorationLock speedFull tech treeHidden civsTurbo modeCheats
Victory
Defeat
🇨🇱 Vietnamese · Chile
615
+19
🇮🇳 Spanish · India
671
-19
BP | Leftraru
2:51 Loom
10:25 Feudal Age
17:27 Castle Age
16:01 Double-Bit Axe
15:58 Horse Collar
16:51 Gold Mining
16:55 Stone Mining
21:05 Stone Shaft Mining
21:09 Wheelbarrow
22:15 Fletching
22:25 Padded Archer Armor
22:17 Town Watch
23:30 Treadmill Crane
24:06 Bodkin Arrow
24:29 Hand Cart
25:59 Ballistics
32:09 Imperial Age
31:09 Heated Shot
32:46 Leather Archer Armor
34:16 Chemistry
33:06 Elite Skirmisher
38:18 Hoardings
37:22 Imperial Skirmisher
38:08 Thumb Ring
38:30 Guilds
38:59 Pikeman
39:39 Squires
39:24 Arson
40:09 Bracer
40:46 Ring Archer Armor
42:15 Town Patrol
47:13 Bow Saw
47:09 Heavy Plow
48:56 Forging
48:52 Scale Barding Armor
48:51 Chatras
50:09 Two-Man Saw
49:52 Crop Rotation
51:34 Iron Casting
51:19 Chain Barding Armor
53:50 Plate Barding Armor
54:23 Elite Battle Elephant
58:15 Husbandry
61:27 Scale Mail Armor
63:44 Siege Engineers
63:50 Masonry
63:54 Fortified Wall
VeerKnight
10:26 Feudal Age
13:30 Double-Bit Axe
18:55 Castle Age
17:24 Horse Collar
21:15 Bow Saw
23:27 Heavy Plow
31:38 Imperial Age
30:21 Town Watch
31:14 Wheelbarrow
30:28 Loom
31:16 Murder Holes
31:42 Ballistics
34:03 Chemistry
33:44 Fletching
33:55 Padded Archer Armor
33:56 Elite Skirmisher
34:42 Thumb Ring
34:59 Town Patrol
39:06 Bodkin Arrow
42:22 Bracer
42:38 Leather Archer Armor
43:49 Two-Man Saw
52:32 Ring Archer Armor
54:00 Forging
53:56 Scale Barding Armor
54:52 Bloodlines
54:44 Husbandry
54:10 Light Cavalry
58:44 Chain Barding Armor
58:59 Iron Casting
58:10 Hussar
60:04 Plate Barding Armor
63:04 Blast Furnace
66:21 Scale Mail Armor
Connection lost

Rejoining the realm…

Still unreachable

The connection could not be restored.

Session expired

The server has moved on; the page needs a fresh start.